 Dungeon Crawl Stone Soup version 0.27-a0-323-gbd089401bb (webtiles) character file.

Game seed: 17334955713759510077

728 dickylongcocking the Chopper (level 7, 0/62 HPs)
             Began as a Palentonga Abyssal Knight on Feb 11, 2021.
             Was a Priest of Lugonu.
             Succumbed to a scorpion's poison
             ... on level 4 of the Dungeon.
             The game lasted 00:04:09 (6165 turns).

dickylongcocking the Chopper (PaAK)                 Turns: 6165, Time: 00:04:10

Health: 0/62       AC:  5    Str: 16    XL:     7   Next: 44%
Magic:  6/10       EV:  9    Int: 13    God:    Lugonu [***...]
Gold:   227        SH:  0    Dex: 10    Spells: 6/6 levels left

rFire    . . .     SeeInvis +   i - +2 spear (vamp)
rCold    . . .     Faith    .   (no shield)
rNeg     . . .     Spirit   .   b - +0 leather armour
rPois    .         Reflect  .   (no helmet)
rElec    .         Harm     .   (no cloak)
rCorr    .         Rampage  .   g - +0 pair of gloves
Will     .....                  (no barding)
Stlth    +.........             (no amulet)
HPRegen  0.20/turn              f - ring of see invisible
MPRegen  0.12/turn              (no ring)

@: mighty, lethally poisoned (0 -> -7)
A: large, rugged brown scales 3, see invisible, deformed body, roll 1, armoured
tail, reflexive curl
a: Rolling Charge, Renounce Religion, Depart the Abyss, Bend Space, Banish


You were on level 4 of the Dungeon.
You worshipped Lugonu.
Lugonu was most pleased with you.
You visited 1 branch of the dungeon, and saw 4 of its levels.
You visited the Abyss 1 time.

You collected 227 gold pieces.

Inventory:

Hand Weapons
 a - a +1 hand axe
 i - a +2 vampiric spear (weapon)
Armour
 b - a +0 leather armour (worn)
 g - a +0 pair of gloves (worn)
Jewellery
 c - a ring of protection from fire {unknown}
 f - a ring of see invisible (left hand)
Scrolls
 d - 2 scrolls of enchant armour
 e - 2 scrolls of teleportation {unknown}
 j - a scroll of amnesia {unknown}
 l - 3 scrolls of identify
 m - a scroll of enchant weapon {unknown}


   Skills:
 * Level 3.7 Fighting
 * Level 6.4(6.5) Axes
 - Level 2.0(4.6) Maces & Flails
 - Level 1.3(1.9) Staves
 - Level 1.5 Armour
 - Level 0.7 Dodging
 * Level 4.9 Invocations


You had 6 spell levels left.
You didn't know any spells.
Your spell library was empty.

Dungeon Overview and Level Annotations

Branches:
Dungeon (4/15)
 Temple: D:4-7

Altars:
Ashenzari
Kikubaaqudgha
Okawaru
Ru

Shops:
D:4 [

Annotations:
Abyss:1 Blork the orc, Grinder


Innate Abilities, Weirdness & Mutations

You are completely covered in rugged brown scales. (AC +3, +7% HP)
You have supernaturally acute eyesight. (SInv)
Armour fits poorly on your strangely shaped body.
You can roll at nearby foes to attack.
You have a long armoured tail.
You curl defensively after being hit.


Message History

You hit the scorpion.
The scorpion is heavily wounded.
You feel sick. The scorpion stings you.
* * * LOW HITPOINT WARNING * * *
You completely miss the scorpion.
The scorpion is heavily wounded.
* * * LOW HITPOINT WARNING * * *
You feel sick. The scorpion stings you.
* * * LOW HITPOINT WARNING * * *
Unknown command.
Press: ? - help, Shift-Dir - straight line, f - scorpion
Aim: a scorpion (heavily wounded, chance to affect: 83%)
The scorpion is devoured by a tear in reality.
Lugonu claims a new guest.
* * * LOW HITPOINT WARNING * * *
You feel sick.
Unknown command.
Unknown command.
There is a lethal amount of poison in your body!
There is a lethal amount of poison in your body!
It was a potion of might.
You feel very mighty all of a sudden.
* * * LOW HITPOINT WARNING * * *
You feel sick.
* * * LOW HITPOINT WARNING * * *
You feel sick.
Unknown command.
Unknown command.
Okay, then.
You have 227 gold pieces.
Unknown command.
* * * LOW HITPOINT WARNING * * *
You feel sick.
Unknown command.
Unknown command.
* * * LOW HITPOINT WARNING * * *
You feel sick.
* * * LOW HITPOINT WARNING * * *
You feel sick.
You die...

.##....##...#.......#..###.#.....
###....##...#.....<.#..#...#.....
..'.........#.......#..#...#.....
..#.........#.......#..#...#.....
..#.....................####.....
..#.......####.....####......####
..#.......# ##...## #......#...
+########.# ##.## #......#...
..........## #@# ##......'...
...........## +#.#+ ##.......#'##
............###...###...##.......
................8........#.......
.......##...###...###....+.......
.).....+...## +#.#†§##...#.......
)......#..## #.#...##..#######.
)).....##.# ##.##...#...#....##
.)........# ##...##.?#..##<...#.


There were no monsters in sight!

Vanquished Creatures
  2 orc priests (D:4)
  5 worker ants (D:4)
  A hound skeleton (D:4)
  4 gnolls
  8 adders
  An adder zombie (D:4)
  3 worms
  2 dart slugs
  6 leopard geckos
  6 orcs
  11 bats
  A giant cockroach (D:1)
  8 goblins
  6 hobgoblins
  2 jackals
  3 ball pythons
  8 frilled lizards
  4 kobolds
  A quokka skeleton (D:4)
  13 rats
95 creatures vanquished.

Notes
Turn   | Place    | Note
-------+----------+-------------------------------------------
     0 | Abyss:1  | dickylongcocking the Palentonga Abyssal Knight began the
                  | quest for the Orb.
     0 | Abyss:1  | Reached XP level 1. HP: 20/20 MP: 2/2
    45 | D:1      | Escaped the Abyss
   157 | D:1      | Reached skill level 1 in Maces & Flails
   159 | D:1      | Reached XP level 2. HP: 14/27 MP: 3/3
   396 | D:1      | Reached ** piety under Lugonu
   669 | D:1      | Reached XP level 3. HP: 33/33 MP: 4/4
   842 | D:1      | Reached skill level 3 in Axes
  1182 | D:2      | Found a sacrificial altar of Ru.
  1847 | D:2      | Reached XP level 4. HP: 36/40 MP: 5/5
  2047 | D:2      | Reached skill level 4 in Axes
  3130 | D:2      | Reached XP level 5. HP: 35/48 MP: 6/6
  3337 | D:3      | Found a broken altar of Ashenzari.
  3422 | D:3      | Reached *** piety under Lugonu
  3518 | D:3      | Reached skill level 1 in Staves
  3675 | D:3      | Found an iron altar of Okawaru.
  3693 | D:3      | Found an ancient bone altar of Kikubaaqudgha.
  3775 | D:3      | Noticed Grinder
  3783 | D:3      | Paralysed by Grinder for 3 turns
  4190 | D:3      | Banished Grinder
  4191 | D:3      | Reached skill level 5 in Axes
  4191 | D:3      | Reached XP level 6. HP: 11/54 MP: 2/8
  4789 | D:4      | HP: 2/54 [orc/+0 mace (5)]
  5232 | D:4      | Reached skill level 6 in Axes
  5464 | D:4      | Gained mutation: You curl defensively after being hit.
                  | [Palentonga growth]
  5464 | D:4      | Reached XP level 7. HP: 59/60 MP: 10/10
  5818 | D:4      | Found Merch's Armour Shop.
  5929 | D:4      | Noticed Blork the orc
  5937 | D:4      | Banished Blork the orc
  6162 | D:4      | HP: 3/62 [poisoned by a scorpion]
  6164 | D:4      | HP: 1/62 [poisoned by a scorpion]
  6165 | D:4      | Succumbed to a scorpion's poison

Illustrated notes

Levels and vault maps discovered:
D:1:      dpeg_arrival_ratfight, layout_rooms, corexii_hall_statues_t,
          minmay_parallelograms, lemuel_flame_loot_1
D:2:      layout_rooms, lemuel_round_altar, kennysheep_donut,
          kennysheep_generic_room_3
D:3:      layout_rooms, lemuel_crystal_altar, nicolae_overflow_crystal_walls,
          kiku_gazebo_pond_becter, uniq_crazy_yiuf_cottage, uniq_grinder
D:4:      cheibrodos_barr_body, layout_gridville, serial_shops, kennysheep_mini,
          uniq_blork_the_orc

Skill      XL: |  1  2  3  4  5  6 |
---------------+-------------------+-----
Maces & Flails | 1 2 |  2.0
Axes           | 3 4 5 6 |  6.4
Staves         | 1 |  1.3
Invocations    | 3 4 |  4.9
Fighting       | |  3.7
Armour         | |  1.5
Dodging        | |  0.7

Action                   |  1- 3 |  4- 6 |  7- 9 || total
-------------------------+-------+-------+-------++-------
Melee: Hand axe          |   110 |   158 |       ||   268
       Tailslap          |    10 |    18 |     3 ||    31
       Spear             |       |    55 |    57 ||   112
Invok: Banish            |       |     1 |     2 ||     3
 Abil: Rolling Charge    |       |     3 |       ||     3
  Use: Scroll            |     3 |     1 |       ||     4
       Potion            |       |     4 |     1 ||     5
Armor: Leather armour    |    67 |    88 |    13 ||   168
Dodge: Dodged            |    54 |   140 |    17 ||   211

Table legend: (Time is in decaauts)
 A = Elapsed time spent in this place.
 B = Non-inter-level travel time spent in this place.
 C = Inter-level travel time spent in this place.
 D = Time resting spent in this place.
 E = Time spent auto-exploring this place.
 F = Levels seen in this place.
 G = Mean time per level.
                   A        B        C        D        E       F      G
               +--------+--------+--------+--------+--------+-----+--------+
         Total |   6188 |   6070 |    118 |   1784 |   3522 |   5 | 1237.6 |
       Dungeon |   6143 |   6025 |    118 |   1784 |   3486 |   4 | 1535.8 |
         Abyss |     45 |     45 |      0 |      0 |     36 |   1 |   45.0 |
               +--------+--------+--------+--------+--------+-----+--------+

Top non-repeatable levels by time:
     D:2: 2553 daAuts
     D:4: 1401 daAuts
     D:1: 1097 daAuts
     D:3: 1091 daAuts
 Abyss:1: 45 daAuts
